Match 38203596
Unlisted

Match 38203596
End
Construct Section Command Post
Selects Indian Artillery Battlegroup
Dingo Light Scout Car
Infantry Section
Infantry Section
Vickers Machine Gun Team
Construct Platoon Command Post
Selects Valour
Royal Engineer Section
6-pounder Anti-tank Gun Team
Selects Gurkha Rifles Section
Gurkha Rifles Section
Construct Field Infirmary
Construct Company Command Post
Crusader II Medium Tank
Selects Pillage
Infantry Training
Selects Towed ML 4.2-inch Heavy Mortar
Grenade Package
Unlock Towed 17-pounder Anti-tank Guns
Towed ML 4.2-inch Heavy Mortar
Armored Vehicle Training
17-pounder Anti-tank Gun Team
Selects Off-map Airburst Barrage
Selects Perimeter Monitor
Light Vehicle Training
Team Weapon Training
Bee
Bruistablet
Enfury
71chy
0
0

Comments sign in to comment!

No comments posted yet!